 Dungeon Crawl Stone Soup version 0.17-a0-1802-g9847487 (webtiles) character file.

430 Psiweapon the Sneak (level 7, -1/40 HPs)
             Began as a Kobold Hunter on Sept 11, 2015.
             Was a Follower of Elyvilon.
             Killed by divine providence
             ... invoked by an orc priest
              (11 damage)
             ... on level 4 of the Dungeon.
             The game lasted 00:12:25 (2630 turns).

Psiweapon the Sneak (Kobold Hunter)                 Turns: 2630, Time: 00:12:26

Health: -1/40      AC:  9    Str: 15    XL:     7   Next: 19%
Magic:  6/7        EV: 14    Int:  9    God:    Elyvilon [*.....]
Gold:   87         SH:  0    Dex: 19    Spells: 0 memorised, 6 levels left

rFire  + . .     SeeInvis .     a - +1 hand crossbow
rCold  . . .     Clarity  .     h - +0 ring mail {rF+}
rNeg   . . .     SustAt   .     (shield restricted)
rPois  .         Gourm    .     p - +2 helmet
rElec  .         Spirit   .     (no cloak)
rCorr  .         Warding  .     q - +0 pair of gloves
rMut   .         Stasis   .     (no boots)
MR     .....                    (no amulet)
Stlth  +++.......               y - ring of wizardry
                                v - +5 ring of strength

@: not resistant to hostile enchantments, fairly stealthy
A: carnivore 3
a: Lesser Healing, Divine Protection, Renounce Religion


You were on level 4 of the Dungeon.
You worshipped Elyvilon.
Elyvilon was aware of your devotion.
You were very full.

You visited 1 branch of the dungeon, and saw 4 of its levels.

You collected 87 gold pieces.

Inventory:

Hand weapons
 a - a +1 hand crossbow (weapon)
 c - a +0 short sword
 A - a +0 dagger
Missiles
 b - 12 bolts (quivered)
 o - 6 bolts of flame
 z - 8 curare-tipped needles
Armour
 d - a +0 leather armour
 h - a +0 ring mail of fire resistance (worn)
 p - a +2 helmet (worn)
 q - a +0 pair of gloves (worn)
Jewellery
 v - a +5 ring of strength (left hand)
 y - a ring of wizardry (right hand)
Scrolls
 f - 6 scrolls of identify {unknown}
 l - a scroll of random uselessness {unknown}
 m - 2 scrolls of blinking {unknown}
 n - 3 scrolls of fear {unknown}
 u - 2 scrolls of teleportation {unknown}
 x - 2 scrolls of immolation {unknown}
 C - a scroll of remove curse {unknown}
 D - a scroll of recharging {unknown}
 E - a scroll of enchant weapon {unknown}
Potions
 g - a potion of degeneration
 j - a potion of curing {unknown}
 k - a potion of might {unknown}
 r - 2 potions of lignification {unknown}
 w - a potion of agility {unknown}
 F - a potion of heal wounds {unknown}
Miscellaneous
 B - a plain deck of changes
Comestibles
 e - 3 meat rations
 i - 2 chunks of flesh
 s - 2 royal jellies
 t - a beef jerky


   Skills:
 - Level 2.2 Fighting
 + Level 4.1 Short Blades
 - Level 5.3 Crossbows
 - Level 3.0 Armour
 - Level 2.8 Dodging
 + Level 5.6 Stealth


You had 6 spell levels left.
You didn't know any spells.

Dungeon Overview and Level Annotations

Branches:
Dungeon (4/15)
 Temple: D:4-7

Altars:
Ashenzari
Elyvilon
Gozag
Nemelex Xobeh
Sif Muna


Innate Abilities, Weirdness & Mutations

You are small and have problems with some larger weapons.
You are carnivorous and can eat meat at any time.


Message History

Press: ? - help, Shift-Dir - straight line, f/p - orc priest
Aim: an orc priest (severely wounded)
You shoot a bolt. The bolt closely misses the orc priest.
The orc priest calls down the wrath of Beogh upon you.
Something smites you!
Firing (i - inventory. (,) - cycle):
b - 14 bolts (quivered)
Press: ? - help, Shift-Dir - straight line, f/p - orc priest
Aim: an orc priest (heavily wounded)
You shoot a bolt. The bolt barely misses the orc priest.
The orc priest calls down the wrath of Beogh upon you.
Pain shoots through your body!
* * * LOW HITPOINT WARNING * * *
Firing (i - inventory. (,) - cycle):
b - 13 bolts (quivered)
Press: ? - help, Shift-Dir - straight line, f/p - orc priest
Aim: an orc priest (heavily wounded)
You shoot a bolt.
The bolt completely misses the orc priest.
The orc priest invokes the aid of Beogh against you.
Something smites you!
You die...

########
#...^..#
#......#
#....@.###
####...†.###
#(.##...####
##(####....#####
#o# ####.....##
#o# #####..##
#(. #####..##
.(. ..........
## #######...


You could see an orc priest and an orc.

Vanquished Creatures
  An ogre (D:4)
  2 orc wizards (D:3)
  A giant frog skeleton (D:4)
  2 worker ants (D:4)
  A hound (D:4)
  5 adders
  4 gnolls (D:4)
  2 oozes
  2 worms (D:2)
  4 giant geckos
  6 orcs
  4 giant cockroaches
  9 goblins
  8 hobgoblins
  A ball python (D:2)
  8 bats
  A giant cockroach zombie (D:3)
  6 giant newts
  5 jackals
  8 kobolds
  A quokka skeleton (D:3)
  6 rats
87 creatures vanquished.

Notes
Turn   | Place    | Note
--------------------------------------------------------------
     0 | D:1      | Psiweapon the Kobold Hunter began the quest for the Orb.
     0 | D:1      | Reached XP level 1. HP: 12/12 MP: 1/1
    38 | D:1      | Reached skill level 5 in Crossbows
    48 | D:1      | Reached XP level 2. HP: 9/17 MP: 2/2
   623 | D:1      | Reached XP level 3. HP: 21/21 MP: 3/3
   755 | D:2      | Found a white marble altar of Elyvilon.
   779 | D:2      | Reached skill level 1 in Armour
   809 | D:2      | Became a worshipper of Elyvilon the Healer
   913 | D:2      | Reached XP level 4. HP: 23/26 MP: 4/4
  1281 | D:2      | Found an opulent altar of Gozag.
  1475 | D:2      | Found a faded altar to an unknown god.
  1636 | D:3      | Reached XP level 5. HP: 30/30 MP: 5/5
  1880 | D:3      | Found a deep blue altar of Sif Muna.
  1897 | D:3      | Found a sparkling altar of Nemelex Xobeh.
  1940 | D:3      | Found a shattered altar of Ashenzari.
  2073 | D:3      | Reached skill level 1 in Short Blades
  2226 | D:4      | Reached XP level 6. HP: 32/35 MP: 6/6
  2361 | D:4      | Noticed an ogre
  2374 | D:4      | Killed an ogre
  2374 | D:4      | Reached skill level 5 in Stealth
  2374 | D:4      | Reached XP level 7. HP: 26/40 MP: 7/7
  2514 | D:4      | Acquired Elyvilon's first power
  2630 | D:4      | Killed from afar by an orc priest

Vault maps used:
D:1:      dpeg_arrival_shelter
D:2:      old_standard_altar, ecumenical_altar_2, elyvilon_altar_4
D:3:      cheibrodos_ashenzari_chains, old_standard_altar, nemelex_deck,
          minmay_misc_feat_ornament
D:4:      uniq_sigmund

Action                   |  1- 3 |  4- 6 |  7- 9 || total
-------------------------+-------+-------+-------++-------
Melee: Short sword       |    26 |    59 |       ||    85
 Fire: Hand crossbow     |    48 |    96 |    21 ||   165
Invok: Lesser Healing    |       |       |     1 ||     1
  Use: Potion            |       |     1 |       ||     1
 Stab: Sleeping          |       |     1 |       ||     1
  Eat: Chunk             |     8 |     5 |       ||    13
